 Dungeon Crawl Stone Soup version 0.23.2-40-g277498a001 (webtiles) character file.

Game seed: 3931589928183517556

14 Snilbus the Magician (level 2, 0/19 HPs)
             Began as a Demonspawn Wizard on Sept 13, 2019.
             Slain by a bullfrog zombie (2 damage)
             ... on level 2 of the Dungeon.
             The game lasted 00:10:01 (1235 turns).

Snilbus the Magician (Demonspawn Wizard)            Turns: 1235, Time: 00:10:01

Health: 0/19       AC:  2    Str:  7    XL:     2   Next: 27%
Magic:  0/6        EV: 12    Int: 19    God:
Gold:   68         SH:  0    Dex: 11    Spells: 2/7 levels left

rFire    . . .     SeeInvis .   c - +0 whip
rCold    . . .     Gourm    .   (no shield)
rNeg     . . .     Faith    .   a - +0 robe
rPois    .         Spirit   .   b - +0 hat
rElec    .         Reflect  .   (no cloak)
rCorr    .         Harm     .   (no gloves)
MR       .....                  (no boots)
Stlth    ++........             (no amulet)
HPRegen  0.06/turn              (no ring)
MPRegen  0.10/turn              (no ring)

@: very slightly contaminated
A: spiny 1
a: no special abilities


You were on level 2 of the Dungeon.
You were not hungry.

You visited 1 branch of the dungeon, and saw 2 of its levels.

You collected 68 gold pieces.

Inventory:

Hand Weapons
 c - a +0 whip (weapon)
 h - a +0 hunting sling
Armour
 a - a +0 robe (worn)
 b - a +0 hat (worn)
Scrolls
 e - a scroll of remove curse {unknown}
 f - a scroll of identify {unknown}
 g - a scroll of immolation {unknown}
Comestibles
 d - 5 rations


   Skills:
 - Level 1.7 Dodging
 - Level 1.7 Stealth
 - Level 3.0 Spellcasting
 + Level 2.3 Conjurations
 - Level 1.0 Summonings
 - Level 0.8 Translocations


You had 2 spell levels left.
You knew the following spells:

 Your Spells              Type           Power        Failure   Level  Hunger
a - Magic Dart            Conj           ##..         6%          1    None
b - Blink                 Tloc           N/A          16%         2    ##.....
c - Call Imp              Summ           #.......     16%         2    ##.....

Your spell library contained the following spells:

 Spells                   Type           Power        Failure   Level  Hunger
 Slow                     Hex            #.......     22%         2    ##.....
 Conjure Flame            Conj/Fire      #.......     28%         3    ###....
 Mephitic Cloud           Conj/Pois/Air  #.......     32%         3    ###....


Dungeon Overview and Level Annotations

Branches:
Dungeon (2/15)

Altars:


Innate Abilities, Weirdness & Mutations

You are partially covered in sharp spines.


Message History

The bullfrog zombie is struck by your spines.
The bullfrog zombie hits you but does no damage.
Found a stone staircase leading up.
The bullfrog zombie hits you.
* * * LOW HITPOINT WARNING * * *
Press: ? - help, v - describe, . - travel
Here: a bullfrog zombie (almost destroyed)
The floor.
Unknown command.
Casting: Magic Dart (safe; 6% risk of failure)
Confirm with . or Enter, or press ? or * to list all spells.
Aiming: Magic Dart (safe; 6% risk of failure)
Press: ? - help, Shift-Dir - straight line, f/p - bullfrog zombie
Aim: a bullfrog zombie (almost destroyed)
You miscast Magic Dart.
You are very lightly contaminated with residual magic.
Nothing appears to happen.
The bullfrog zombie is struck by your spines.
The bullfrog zombie hits you.
You die...

#.# #.####### #........
.#<. .......## ...
.......# ..# .......###
..# .......... ..###.
###....## #######......
...#+#.# #....@..####.#
##.#.#.#####.#..#Z......#
#...).......#..#.#######
####.#..........#.#
.....##########+#.#
###### #.......# #
###.......# # #.........#
#########.....#+#.#


You could see a bullfrog zombie.

Vanquished Creatures
  5 goblins
  A hobgoblin (D:1)
  3 kobolds (D:1)
  2 rats (D:1)
11 creatures vanquished.

Vanquished Creatures (collateral kills)
  A quokka (D:2)
1 creature vanquished.

Grand Total: 12 creatures vanquished

Notes
Turn   | Place    | Note
-------+----------+-------------------------------------------
     0 | D:1      | Snilbus the Demonspawn Wizard began the quest for the Orb.
     0 | D:1      | Reached XP level 1. HP: 13/13 MP: 4/4
   831 | D:1      | Gained mutation: You are partially covered in sharp spines.
                  | [demonic ancestry]
   831 | D:1      | Reached XP level 2. HP: 19/19 MP: 3/6
  1060 | D:2      | Learned a level 2 spell: Blink
  1063 | D:2      | Learned a level 2 spell: Call Imp
  1235 | D:2      | Slain by a bullfrog zombie

Skill      XL: |  1 |
---------------+----+-----
Conjurations   | 2 |  2.3
Dodging        | |  1.7
Stealth        | |  1.7
Spellcasting   | |  3.0
Summonings     | |  1.0
Translocations | |  0.8

Action                   || total
-------------------------++-------
Melee: Whip              ||    20
 Cast: Magic Dart        ||    15
       Call Imp          ||     2
       Blink             ||     1
  Eat: Chunk             ||     1
Armor: Robe              ||     6
Dodge: Dodged            ||    21
